 Dungeon Crawl Stone Soup version 0.25-a0-591-g2ad0d861f1 (webtiles) character file.

Game seed: 6234162042108867933, levelgen mode: deterministic

1108 Motbakke the Slasher (level 8, -2/70 HPs)
             Began as a Formicid Abyssal Knight on Mar 14, 2020.
             Was a Priest of Lugonu.
             Slain by an orc warrior
             ... wielding a +0 halberd
              (5 damage)
             ... in a bailey.
             The game lasted 01:33:32 (6713 turns).

Motbakke the Slasher (Formicid Abyssal Knight)      Turns: 6713, Time: 01:33:33

Health: -2/70      AC: 14    Str: 17    XL:     8   Next: 59%
Magic:  9/9        EV:  7    Int: 13    God:    Lugonu [***...]
Gold:   284        SH:  0    Dex: 11    Spells: 7/7 levels left

rFire    . . .     SeeInvis +   a - +2 falchion
rCold    . . .     Gourm    .   (no shield)
rNeg     . . .     Faith    .   j - +0 chain mail
rPois    .         Spirit   .   (helmet unavailable)
rElec    .         Reflect  .   (no cloak)
rCorr    .         Harm     .   (no gloves)
MR       .....                  (no boots)
Stlth    ..........             (no amulet)
HPRegen  0.21/turn              r - ring of wizardry
MPRegen  0.11/turn              h - +4 ring of protection

@: no status effects
A: permanent stasis, dig shafts and tunnels, four strong arms, antennae 3, beak,
robust 1, subdued magic 1
a: Dig, Shaft Self, Depart the Abyss, Bend Space, Banish, Renounce Religion


You were in a bailey.
You worshipped Lugonu.
Lugonu was most pleased with you.
You were hungry.

You visited 1 branch of the dungeon, and saw 7 of its levels.
You visited the Abyss 1 time.
You also visited: Bailey.

You collected 333 gold pieces.
You spent 49 gold pieces at shops.

Inventory:

Hand Weapons
 a - a +2 falchion (weapon)
 f - a +0 hunting sling
 g - a +2 short sword of flaming
 i - a +0 dagger
 o - a +0 flail
 q - a +0 whip
 s - a +0 short sword
 z - a +2 rapier of holy wrath
 F - a +0 dagger
Missiles
 m - 158 stones (quivered)
 n - 37 arrows
Armour
 b - a +0 leather armour
 j - a +0 chain mail (worn)
 C - a +0 chain mail
 G - a +2 robe of positive energy
Jewellery
 h - a +4 ring of protection (right hand)
 r - a ring of wizardry (left hand)
Scrolls
 k - a scroll of identify
 l - 2 scrolls of blinking
 v - 5 scrolls of teleportation
 y - 2 scrolls of remove curse
 A - a scroll of enchant armour
 B - a scroll of magic mapping
 H - a scroll of fear {unknown}
 I - a scroll of holy word
 K - a scroll of random uselessness {unknown}
Potions
 d - 4 potions of lignification
 e - 2 potions of haste
 p - a potion of cancellation
 t - a potion of flight
 w - a potion of berserk rage
 x - a potion of brilliance
 D - a potion of magic {unknown}
 E - 3 potions of degeneration {unknown}
 L - a potion of resistance {unknown}
Comestibles
 c - 8 rations


   Skills:
 + Level 5.7 Fighting
 + Level 6.8 Long Blades
 + Level 0.2 Throwing
 + Level 5.8 Armour
 + Level 1.7 Dodging
 + Level 0.4 Stealth
 + Level 2.5 Invocations


You had 7 spell levels left.
You didn't know any spells.
Your spell library contained the following spells:

 Spells                   Type           Power        Failure   Level  Hunger
 Magic Dart               Conj           #...         77%         1    ##.....
 Sandblast                Erth           #.....       77%         1    ##.....
 Call Imp                 Summ           #.......     89%         2    ###....
 Passwall                 Tmut/Erth      #.......     89%         2    ###....
 Slow                     Hex            #.......     89%         2    ###....
 Conjure Flame            Conj/Fire      #.......     98%         3    ####...
 Mephitic Cloud           Conj/Pois/Air  #.......     98%         3    ####...
 Stone Arrow              Conj/Erth      #.....       98%         3    ####...
 Petrify                  Tmut/Erth      #.......     100%        4    #####..
 Lee's Rapid Deconstruct  Erth           #.........   100%        5    ######.
 Blink                    Tloc           Unusable     N/A         2    N/A

Dungeon Overview and Level Annotations

Branches:
Dungeon (7/15)             Bailey (1/1)
 Temple: D:4-7

Altars:
Sif Muna

Shops:
D:4 (*[!   D:6 (


Innate Abilities, Weirdness & Mutations

You cannot be hasted, slowed, berserked, paralysed or teleported.
You can dig through walls and to a lower floor.
Your four strong arms can wield two-handed weapons with a shield.
You have a pair of large antennae on your head. (SInv)
You have a beak for a mouth.
You are robust. (+10% HP)
Your spells are a little easier to cast, but a little less powerful.


Message History

As you read the scroll of identify, it crumbles to dust.
A - a scroll of enchant armour The orc barely misses you.
The orc completely misses you. The orc closely misses you.
The orc warrior hits you from afar with a +0 trident.
* * * LOW HITPOINT WARNING * * *
The orc barely misses you.
You feel better. The orc hits you but does no damage. x3
The orc warrior hits you from afar with a +0 trident.
* * * LOW HITPOINT WARNING * * *
The orc hits you but does no damage.
Unknown command.
The orc warrior barely misses you. The orc hits you but does no damage.
The orc warrior hits you but does no damage.
You slash the orc!
You kill the orc!
Lugonu accepts your kill.
You can now banish your foes.
The orc hits you but does no damage. x2
The orc warrior hits you from afar with a +0 halberd.
You die...

###########
o.......∩.##
o..........#
...........#
o.......o.∩#
o......oo).#
o.....ooo)@#
......ooo.##
###########


You could see 2 orc warriors and 7 orcs.

Vanquished Creatures
  Eustachio (D:4)
  Duvessa (D:4)
  2 bullfrogs
  Dowan (D:4)
  A howler monkey (D:4)
  3 crimson imps (D:6)
  A centaur zombie (D:6)
  A jelly (D:2)
  3 hounds
  Jessica (D:3)
  3 bullfrog skeletons
  A centaur skeleton (D:7)
  Terence (D:2)
  A worker ant (D:5)
  A worker ant zombie (D:5)
  11 adders
  An ooze (D:3)
  2 worms (D:3)
  2 dart slugs (D:1)
  2 leopard geckos (D:6)
  4 orcs
  2 ball pythons (D:3)
  4 giant cockroaches
  9 goblins
  7 hobgoblins
  8 jackals
  A quokka (D:7)
  10 bats
  3 frilled lizards
  11 kobolds
  3 rats
  A plant (D:1)
103 creatures vanquished.

Notes
Turn   | Place    | Note
-------+----------+-------------------------------------------
     0 | Abyss:1  | Motbakke the Formicid Abyssal Knight began the quest for
                  | the Orb.
     0 | Abyss:1  | Reached XP level 1. HP: 18/18 MP: 2/2
    43 | Abyss:1  | Noticed a wretched star
    44 | D:1      | Escaped the Abyss
   308 | D:1      | Reached XP level 2. HP: 20/25 MP: 3/3
   983 | D:1      | Reached * piety under Lugonu
  1016 | D:1      | Reached XP level 3. HP: 30/30 MP: 4/4
  1815 | D:2      | Reached XP level 4. HP: 33/38 MP: 5/5
  1880 | D:2      | Reached skill level 3 in Long Blades
  2111 | D:2      | Reached XP level 5. HP: 36/43 MP: 6/6
  2264 | D:3      | Noticed Terence
  2264 | D:3      | Noticed Jessica
  2277 | D:2      | Killed Terence
  2277 | D:2      | Reached skill level 1 in Dodging
  2333 | D:3      | Killed Jessica
  2355 | D:3      | Reached ** piety under Lugonu
  2507 | D:3      | Reached skill level 4 in Long Blades
  2507 | D:3      | Reached XP level 6. HP: 49/49 MP: 7/7
  3420 | D:4      | Found Uronan Alar's Distillery.
  3470 | D:4      | Noticed Duvessa
  3481 | D:4      | Noticed Dowan
  3535 | D:5      | Entered Level 5 of the Dungeon
  4590 | D:5      | Reached XP level 7. HP: 48/55 MP: 8/8
  5003 | D:4      | Noticed Eustachio
  5112 | D:4      | Found Qichot's Armour Shoppe.
  5138 | D:4      | Reached skill level 5 in Long Blades
  5142 | D:4      | Found Tuwuruad's General Store.
  5147 | D:4      | Bought a scroll of magic mapping for 49 gold pieces
  5151 | D:4      | Gained mutation: Your spells are a little easier to cast,
                  | but a little less powerful. [potion of mutation]
  5151 | D:4      | Gained mutation: You have a beak for a mouth. [potion of
                  | mutation]
  5151 | D:4      | Gained mutation: You are robust. (+10% HP) [potion of
                  | mutation]
  5449 | D:4      | Killed Duvessa
  5449 | D:4      | Reached skill level 5 in Fighting
  5467 | D:4      | Killed Dowan
  5693 | D:4      | Found Woru's Antique Weapon Boutique.
  5927 | D:4      | Killed Eustachio
  5927 | D:4      | Reached skill level 5 in Armour
  5927 | D:4      | Reached XP level 8. HP: 49/68 MP: 9/9
  6065 | D:6      | Reached skill level 6 in Long Blades
  6087 | D:6      | Found a shimmering blue altar of Sif Muna.
  6422 | D:6      | Found Osomn's Antique Weapon Emporium.
  6626 | D:7      | Found a flagged portal.
  6691 | Bailey   | Entered a bailey
  6709 | Bailey   | HP: 3/70 [orc warrior/+0 trident (8)]
  6713 | Bailey   | Reached *** piety under Lugonu
  6713 | Bailey   | Slain by an orc warrior

Levels and vault maps discovered:
D:1:      matt_arrival_grand_opening, layout_basic, serial_forest,
          infiniplex_forest_zigzag_2, infiniplex_forest_corner_1,
          infiniplex_forest_clump_large, infiniplex_forest_straight_2,
          infiniplex_forest_lined_2
D:2:      layout_loops_cross, first_ration
D:3:      layout_basic, serial_rivers, chequers_serial_rivers_room_b,
          chequers_serial_rivers_room_a, chequers_serial_rivers_large_b,
          chequers_serial_rivers_room_b, chequers_serial_rivers_micro_b,
          uniq_terence, uniq_jessica
D:4:      layout_basic, serial_shops, shop, nicolae_shop_crystal, shop,
          kennysheep_mini, uniq_eustachio, uniq_duvessa
D:5:      layout_cave_pods
D:6:      layout_rooms, basic_altar, serial_shops, shop, minivault_14
D:7:      layout_loops_corners, kennysheep_okawaru_gauntlet, temple_statues,
          enter_bailey_2, grunt_ministairs_1
Bailey:   bailey_polearm_5, bailey

Skill      XL: |  1  2  3  4  5  6  7  8 |
---------------+-------------------------+-----
Fighting       | 4 5 |  5.7
Long Blades    | 3 4 5 6 |  6.8
Armour         | 3 4 5 |  5.8
Dodging        | 1 |  1.7
Throwing       | |  0.2
Stealth        | |  0.4
Invocations    | |  2.5

Action                   |  1- 3 |  4- 6 |  7- 9 || total
-------------------------+-------+-------+-------++-------
Melee: Falchion          |   109 |   251 |   180 ||   540
       Peck              |       |       |    37 ||    37
Throw: Stone             |     1 |    27 |     4 ||    32
Invok: Depart the Abyss  |     1 |       |       ||     1
       Bend Space        |       |       |     1 ||     1
 Abil: Dig               |     4 |     4 |     1 ||     9
  Use: Scroll            |     3 |     4 |     4 ||    11
       Potion            |       |     5 |     3 ||     8
  Eat: Ration            |     1 |     2 |     2 ||     5
       Chunk             |       |     2 |       ||     2
Armor: Leather armour    |     3 |       |       ||     3
       Ring mail         |     4 |       |       ||     4
       Chain mail        |    31 |   175 |   143 ||   349
Dodge: Dodged            |    34 |   111 |    95 ||   240
       Rpst.: Falchion   |     5 |    35 |    38 ||    78

Table legend:
 A = Non-vault XP
 B = Vault XP
 C = Vault XP percentage of total XP
 D = Non-vault monster count
 E = Vault monster count
 F = Vault count percentage of total count
                 A         B        C        D         E       F
            +---------+---------+-------+---------+---------+-------
      Total |    1080 |     503 |  31.8 |      94 |       8 |   7.8
            +---------+---------+-------+---------+---------+-------
        D:1 |      33 |       0 |   0.0 |      17 |       0 |   0.0
        D:2 |     132 |      32 |  19.5 |      22 |       1 |   4.3
        D:3 |     120 |      37 |  23.6 |      29 |       1 |   3.3
        D:4 |      95 |     425 |  81.7 |       4 |       3 |  42.9
        D:5 |     200 |       0 |   0.0 |       7 |       0 |   0.0
        D:6 |     365 |       0 |   0.0 |      12 |       0 |   0.0
        D:7 |     135 |       0 |   0.0 |       3 |       0 |   0.0
     Bailey |       0 |       9 | 100.0 |       0 |       3 | 100.0
            +---------+---------+-------+---------+---------+-------
